[ AOE2 MATCH · #481346549 ]
UnrankedTurks vs Spanish
[ REPLAY ANALYSIS · EXTRACTED FROM THE RECORDED GAME ]
Feudal
13:29
Castle
17:51
Imperial
42:11
| APM avg | 26.9 |
| APM peak | 65 |
| eAPM avg | 17.1 |
| Villagers / military | 222 / 597 |
Focus
⚔️ 30.0% · 🌾 70.0%
Scout Cavalry ×473 · Janissary ×46 · Spearman ×40 · Bombard Cannon ×26 · Camel Scout ×6 · Knight ×3
Feudal
13:20
Castle
16:51
Imperial
37:30
| APM avg | 46.2 |
| APM peak | 116 |
| eAPM avg | 22.1 |
| Villagers / military | 194 / 762 |
Focus
⚔️ 37.9% · 🌾 62.1%
Spearman ×421 · Skirmisher ×196 · Eagle Scout ×101 · Plumed Archer ×40 · Trebuchet (Packed) ×4
Feudal
13:04
Castle
16:37
Imperial
35:54
| APM avg | 32.3 |
| APM peak | 69 |
| eAPM avg | 18.2 |
| Villagers / military | 175 / 331 |
Focus
⚔️ 34.8% · 🌾 65.2%
Bolas Rider ×316 · Kona ×15
Feudal
11:42
Castle
24:24
Imperial
41:14
| APM avg | 58.0 |
| APM peak | 107 |
| eAPM avg | 32.8 |
| Villagers / military | 298 / 473 |
Focus
⚔️ 43.0% · 🌾 57.0%
Spearman ×213 · Knight ×138 · Scorpion ×64 · Bombard Cannon ×21 · Scout Cavalry ×16 · Battering Ram ×15
Feudal
14:02
Castle
26:30
Imperial
56:19
| APM avg | 61.9 |
| APM peak | 159 |
| eAPM avg | 43.1 |
| Villagers / military | 215 / 230 |
Focus
⚔️ 15.8% · 🌾 84.2%
Huskarl ×120 · Scout Cavalry ×90 · Trade Cart ×16 · Archer ×11 · Spearman ×9
Feudal
13:13
Castle
17:14
Imperial
40:21
| APM avg | 31.5 |
| APM peak | 109 |
| eAPM avg | 10.5 |
| Villagers / military | 142 / 421 |
Focus
⚔️ 45.3% · 🌾 54.7%
Scout Cavalry ×292 · Cavalry Archer ×101 · Trebuchet (Packed) ×10 · Mangonel ×9 · Knight ×5 · Battering Ram ×4
Feudal
12:48
Castle
17:37
Imperial
39:38
| APM avg | 43.8 |
| APM peak | 105 |
| eAPM avg | 20.8 |
| Villagers / military | 165 / 658 |
Focus
⚔️ 48.7% · 🌾 51.3%
Scout Cavalry ×355 · Camel Archer ×280 · Battering Ram ×14 · Trebuchet (Packed) ×7 · Monk ×2
Feudal
12:39
Castle
16:13
Imperial
37:10
| APM avg | 47.8 |
| APM peak | 90 |
| eAPM avg | 27.1 |
| Villagers / military | 321 / 399 |
Focus
⚔️ 38.8% · 🌾 61.2%
Knight ×302 · Scout Cavalry ×60 · Trade Cart ×30 · Conquistador ×28 · Trebuchet (Packed) ×9
Match map
Initial resources + every placement click. Lines = walls · curves = elevation contours. ◆ gold · ⬟ stone · ● berries · ✦ relic · ◌ wall gap
Your base· Open — unwalled flank
福州黄轩's base· Open — unwalled flank
大桶泳 寿司's base· Open — unwalled flank
主打抽象's base· Open — unwalled flank
right's base· Open — 10t gap
七少爷's base· Open — unwalled flank
guai哥's base· Open — unwalled flank
宁波小猢狲's base· Open — 14t gap
Smoothed initial terrain · ◌ = detected wall gap · hover for details
Inputs per minute
— 蓝瑞集团 - - 福州黄轩
Build order — 蓝瑞集团
First 150 of 664 actions detected
| 0:14 | Build | Town Center |
| 0:22 | Build | House |
| 1:20 | Build | House |
| 2:27 | Create | Villager (Male) |
| 2:27 | Create | Villager (Male) |
| 2:27 | Create | Villager (Male) |
| 2:28 | Create | Villager (Male) |
| 2:28 | Create | Villager (Male) |
| 2:28 | Create | Villager (Male) |
| 3:45 | Create | Villager (Male) |
| 3:46 | Create | Villager (Male) |
| 3:46 | Create | Villager (Male) |
| 4:26 | Build | House |
| 4:32 | Create | Villager (Male) |
| 4:32 | Create | Villager (Male) |
| 4:32 | Create | Villager (Male) |
| 4:43 | Build | Lumber Camp |
| 5:13 | Create | Villager (Male) |
| 5:14 | Create | Villager (Male) |
| 5:14 | Create | Villager (Male) |
| 5:14 | Create | Villager (Male) |
| 6:01 | Create | Villager (Male) |
| 6:01 | Create | Villager (Male) |
| 6:27 | Create | Villager (Male) |
| 6:27 | Create | Villager (Male) |
| 6:27 | Create | Villager (Male) |
| 7:06 | Create | Villager (Male) |
| 7:06 | Create | Villager (Male) |
| 7:19 | Build | House |
| 7:29 | Build | House |
| 7:33 | Build | House |
| 7:44 | Build | House |
| 7:54 | Build | House |
| 7:59 | Build | House |
| 8:24 | Create | Villager (Male) |
| 8:24 | Create | Villager (Male) |
| 8:25 | Create | Villager (Male) |
| 8:25 | Create | Villager (Male) |
| 8:25 | Create | Villager (Male) |
| 8:25 | Create | Villager (Male) |
| 8:26 | Create | Villager (Male) |
| 8:26 | Create | Villager (Male) |
| 8:26 | Create | Villager (Male) |
| 8:44 | Build | Mill |
| 9:05 | Build | House |
| 9:51 | Build | Mining Camp |
| 10:41 | Research | Loom |
| 10:41 | Research | Feudal Age |
| 10:41 | Research | Feudal Age |
| 10:59 | Build | Barracks |
| 11:04 | Build | House |
| 12:01 | Create | Villager (Male) |
| 12:02 | Create | Villager (Male) |
| 12:02 | Create | Villager (Male) |
| 12:39 | Build | Palisade Wall |
| 12:40 | Build | Palisade Wall |
| 12:41 | Build | Palisade Wall |
| 12:42 | Build | Palisade Wall |
| 12:43 | Build | Palisade Wall |
| 12:44 | Build | Palisade Wall |
| 12:45 | Build | Palisade Wall |
| 12:46 | Build | Palisade Wall |
| 12:48 | Build | Palisade Wall |
| 12:49 | Build | Palisade Wall |
| 12:51 | Build | Palisade Wall |
| 12:52 | Build | Palisade Wall |
| 12:53 | Build | Palisade Wall |
| 12:54 | Build | Palisade Wall |
| 12:55 | Build | Palisade Wall |
| 13:06 | Build | Palisade Gate |
| 13:29 | Age | Feudal Age |
| 14:02 | Build | Stable |
| 14:39 | Build | Blacksmith |
| 14:46 | Create | Villager (Male) |
| 15:07 | Research | Castle Age |
| 15:07 | Research | Castle Age |
| 15:07 | Research | Castle Age |
| 15:32 | Research | Bloodlines |
| 15:32 | Research | Bloodlines |
| 15:43 | Build | House |
| 15:57 | Research | Forging |
| 15:57 | Research | Forging |
| 15:57 | Research | Scale Barding Armor |
| 17:05 | Create | Villager (Male) |
| 17:05 | Create | Villager (Male) |
| 17:51 | Age | Castle Age |
| 17:55 | Build | Town Center |
| 18:02 | Build | Town Center |
| 18:11 | Create | Villager (Male) |
| 18:34 | Create | Villager (Male) |
| 19:01 | Create | Camel Scout |
| 19:05 | Build | Farm |
| 19:36 | Create | Villager (Male) |
| 19:36 | Create | Villager (Male) |
| 19:56 | Create | Camel Scout |
| 20:09 | Create | Villager (Male) |
| 20:09 | Create | Villager (Male) |
| 20:09 | Create | Villager (Male) |
| 20:20 | Create | Villager (Male) |
| 20:21 | Create | Villager (Male) |
| 20:23 | Build | Farm |
| 20:28 | Build | Farm |
| 20:55 | Create | Villager (Male) |
| 20:55 | Create | Villager (Male) |
| 20:55 | Create | Villager (Male) |
| 21:01 | Build | Farm |
| 21:14 | Create | Villager (Male) |
| 21:20 | Create | Villager (Male) |
| 21:21 | Create | Villager (Male) |
| 21:21 | Create | Villager (Male) |
| 21:24 | Build | Farm |
| 21:48 | Build | Market |
| 21:58 | Create | Villager (Male) |
| 22:00 | Create | Villager (Male) |
| 22:05 | Create | Villager (Male) |
| 22:19 | Create | Villager (Male) |
| 22:19 | Create | Villager (Male) |
| 22:19 | Create | Villager (Male) |
| 22:29 | Create | Villager (Male) |
| 22:29 | Create | Villager (Male) |
| 22:44 | Research | Horse Collar |
| 22:44 | Research | Horse Collar |
| 22:45 | Research | Horse Collar |
| 22:45 | Research | Double-Bit Axe |
| 22:46 | Research | Double-Bit Axe |
| 22:46 | Research | Double-Bit Axe |
| 22:46 | Research | Double-Bit Axe |
| 22:49 | Create | Villager (Male) |
| 22:52 | Create | Villager (Male) |
| 22:52 | Create | Villager (Male) |
| 22:53 | Create | Villager (Male) |
| 22:54 | Create | Villager (Male) |
| 23:09 | Build | House |
| 23:10 | Build | House |
| 23:11 | Build | House |
| 23:19 | Build | House |
| 23:20 | Build | House |
| 23:22 | Create | Villager (Male) |
| 23:22 | Create | Villager (Male) |
| 23:30 | Create | Villager (Male) |
| 23:30 | Create | Villager (Male) |
| 23:30 | Create | Villager (Male) |
| 23:40 | Build | Farm |
| 23:40 | Build | Farm |
| 23:41 | Build | Farm |
| 23:46 | Build | Farm |
| 23:51 | Build | Farm |
| 23:57 | Create | Villager (Male) |
| 24:04 | Create | Knight |
| 24:05 | Create | Knight |
Build order — 福州黄轩
First 150 of 615 actions detected
| 0:26 | Build | Town Center |
| 1:57 | Build | House |
| 2:25 | Create | Villager (Male) |
| 2:25 | Create | Villager (Male) |
| 2:28 | Create | Villager (Male) |
| 3:03 | Build | House |
| 3:31 | Create | Villager (Male) |
| 3:31 | Create | Villager (Male) |
| 3:55 | Create | Villager (Male) |
| 3:55 | Create | Villager (Male) |
| 4:15 | Create | Villager (Male) |
| 4:37 | Build | House |
| 4:44 | Create | Villager (Male) |
| 4:53 | Build | House |
| 5:02 | Create | Villager (Male) |
| 5:02 | Create | Villager (Male) |
| 5:07 | Build | House |
| 5:15 | Build | Lumber Camp |
| 5:25 | Create | Villager (Male) |
| 5:53 | Create | Villager (Male) |
| 5:53 | Create | Villager (Male) |
| 5:53 | Create | Villager (Male) |
| 6:02 | Create | Villager (Male) |
| 6:02 | Create | Villager (Male) |
| 6:15 | Build | House |
| 6:36 | Build | House |
| 6:54 | Create | Villager (Male) |
| 6:54 | Create | Villager (Male) |
| 6:55 | Create | Villager (Male) |
| 7:07 | Create | Villager (Male) |
| 7:07 | Create | Villager (Male) |
| 7:16 | Build | House |
| 7:49 | Create | Villager (Male) |
| 7:49 | Create | Villager (Male) |
| 7:57 | Create | Villager (Male) |
| 7:57 | Create | Villager (Male) |
| 7:59 | Build | House |
| 8:30 | Build | Palisade Wall |
| 8:31 | Build | Palisade Wall |
| 8:35 | Build | Mill |
| 9:02 | Create | Villager (Male) |
| 9:33 | Build | Mill |
| 9:54 | Create | Villager (Male) |
| 10:09 | Create | Villager (Male) |
| 10:09 | Create | Villager (Male) |
| 10:42 | Research | Feudal Age |
| 11:35 | Research | Loom |
| 11:43 | Build | Barracks |
| 13:20 | Age | Feudal Age |
| 13:26 | Build | Archery Range |
| 13:29 | Build | Blacksmith |
| 13:40 | Create | Villager (Male) |
| 14:11 | Research | Castle Age |
| 14:11 | Research | Castle Age |
| 16:14 | Research | Double-Bit Axe |
| 16:15 | Research | Horse Collar |
| 16:49 | Create | Villager (Male) |
| 16:51 | Age | Castle Age |
| 16:57 | Build | Town Center |
| 17:08 | Create | Villager (Male) |
| 17:11 | Research | Fletching |
| 17:13 | Research | Padded Archer Armor |
| 17:25 | Research | Bow Saw |
| 17:27 | Create | Villager (Male) |
| 17:44 | Create | Villager (Male) |
| 18:03 | Create | Villager (Male) |
| 18:17 | Create | Villager (Male) |
| 18:17 | Create | Villager (Male) |
| 18:36 | Create | Villager (Male) |
| 18:36 | Create | Villager (Male) |
| 18:51 | Build | Castle |
| 18:59 | Create | Villager (Male) |
| 19:16 | Build | Farm |
| 19:18 | Build | Farm |
| 19:21 | Research | Bodkin Arrow |
| 19:37 | Create | Villager (Male) |
| 19:58 | Create | Villager (Male) |
| 20:00 | Build | House |
| 20:01 | Build | House |
| 20:13 | Create | Villager (Male) |
| 20:13 | Create | Villager (Male) |
| 20:20 | Build | Farm |
| 20:22 | Build | Farm |
| 20:25 | Build | Farm |
| 20:26 | Build | Farm |
| 20:46 | Create | Villager (Male) |
| 20:46 | Create | Villager (Male) |
| 20:48 | Create | Plumed Archer |
| 20:48 | Create | Plumed Archer |
| 20:48 | Create | Plumed Archer |
| 20:49 | Create | Plumed Archer |
| 20:49 | Create | Plumed Archer |
| 21:05 | Build | Farm |
| 21:06 | Build | Farm |
| 21:07 | Build | Farm |
| 21:08 | Build | Farm |
| 21:12 | Create | Plumed Archer |
| 21:12 | Create | Plumed Archer |
| 21:24 | Build | University |
| 21:28 | Create | Plumed Archer |
| 21:29 | Create | Plumed Archer |
| 21:30 | Create | Villager (Male) |
| 21:30 | Create | Villager (Male) |
| 21:30 | Create | Villager (Male) |
| 21:30 | Create | Villager (Male) |
| 21:46 | Build | Farm |
| 21:49 | Build | Farm |
| 21:52 | Build | Farm |
| 22:12 | Create | Plumed Archer |
| 22:14 | Create | Villager (Male) |
| 22:14 | Create | Villager (Male) |
| 22:14 | Create | Villager (Male) |
| 22:49 | Research | Ballistics |
| 23:01 | Create | Villager (Male) |
| 23:01 | Create | Villager (Male) |
| 23:02 | Create | Villager (Male) |
| 23:03 | Create | Villager (Male) |
| 23:30 | Create | Plumed Archer |
| 23:31 | Create | Plumed Archer |
| 23:31 | Create | Plumed Archer |
| 23:48 | Create | Villager (Male) |
| 23:48 | Create | Villager (Male) |
| 23:52 | Create | Villager (Male) |
| 23:54 | Build | House |
| 23:55 | Build | House |
| 23:59 | Build | House |
| 24:09 | Build | Farm |
| 24:13 | Build | Farm |
| 24:17 | Create | Plumed Archer |
| 24:18 | Create | Plumed Archer |
| 24:31 | Build | Town Center |
| 24:39 | Research | Bodkin Arrow |
| 25:00 | Create | Villager (Male) |
| 25:00 | Create | Villager (Male) |
| 25:14 | Create | Plumed Archer |
| 25:14 | Create | Plumed Archer |
| 25:57 | Create | Plumed Archer |
| 25:57 | Create | Plumed Archer |
| 25:57 | Create | Plumed Archer |
| 26:14 | Create | Villager (Male) |
| 26:20 | Create | Villager (Male) |
| 26:20 | Create | Villager (Male) |
| 26:20 | Create | Villager (Male) |
| 26:47 | Create | Villager (Male) |
| 26:47 | Create | Villager (Male) |
| 27:18 | Create | Villager (Male) |
| 27:21 | Create | Villager (Male) |
| 27:21 | Create | Villager (Male) |
| 27:22 | Create | Villager (Male) |
| 27:22 | Create | Villager (Male) |
Build order — 大桶泳 寿司
First 150 of 611 actions detected
| 0:14 | Build | Town Center |
| 2:42 | Build | House |
| 2:45 | Create | Villager (Male) |
| 2:45 | Create | Villager (Male) |
| 2:45 | Create | Villager (Male) |
| 2:46 | Create | Villager (Male) |
| 3:22 | Build | House |
| 3:32 | Build | House |
| 3:50 | Build | House |
| 4:01 | Create | Villager (Male) |
| 4:30 | Create | Villager (Male) |
| 4:53 | Create | Villager (Male) |
| 4:56 | Build | Settlement |
| 5:01 | Create | Villager (Male) |
| 5:23 | Create | Villager (Male) |
| 5:42 | Create | Villager (Male) |
| 6:13 | Create | Villager (Male) |
| 7:18 | Build | House |
| 7:20 | Create | Villager (Male) |
| 7:20 | Create | Villager (Male) |
| 7:49 | Create | Villager (Male) |
| 8:16 | Create | Villager (Male) |
| 8:50 | Create | Villager (Male) |
| 8:53 | Build | Settlement |
| 9:10 | Create | Villager (Male) |
| 9:35 | Create | Villager (Male) |
| 9:58 | Create | Villager (Male) |
| 10:20 | Build | House |
| 10:34 | Build | House |
| 10:47 | Build | House |
| 10:54 | Research | Feudal Age |
| 11:25 | Create | Villager (Male) |
| 11:26 | Research | Loom |
| 11:53 | Build | Palisade Wall |
| 11:55 | Build | Palisade Wall |
| 11:55 | Build | Palisade Wall |
| 11:56 | Build | Palisade Wall |
| 11:57 | Build | Palisade Wall |
| 11:58 | Build | Palisade Wall |
| 12:04 | Build | Palisade Wall |
| 12:06 | Build | Palisade Wall |
| 12:07 | Build | Palisade Wall |
| 12:08 | Build | Palisade Wall |
| 12:41 | Build | House |
| 13:01 | Build | House |
| 13:04 | Age | Feudal Age |
| 13:07 | Build | Market |
| 13:10 | Build | Blacksmith |
| 13:16 | Build | House |
| 13:57 | Research | Castle Age |
| 14:36 | Research | Double-Bit Axe |
| 14:46 | Build | Barracks |
| 15:31 | Build | House |
| 15:55 | Build | Archery Range |
| 16:22 | Create | Villager (Male) |
| 16:37 | Age | Castle Age |
| 16:41 | Build | Town Center |
| 16:47 | Build | Palisade Wall |
| 16:48 | Build | Palisade Wall |
| 16:51 | Build | Palisade Wall |
| 16:52 | Build | Palisade Wall |
| 16:55 | Build | Palisade Wall |
| 16:57 | Build | Palisade Wall |
| 17:00 | Build | Palisade Wall |
| 17:13 | Create | Villager (Male) |
| 17:37 | Build | Palisade Wall |
| 17:40 | Build | Palisade Wall |
| 17:49 | Build | House |
| 17:50 | Build | House |
| 17:52 | Build | Palisade Wall |
| 17:56 | Create | Villager (Male) |
| 18:01 | Create | Villager (Male) |
| 18:07 | Build | Archery Range |
| 18:26 | Create | Villager (Male) |
| 18:27 | Create | Villager (Male) |
| 18:36 | Research | Bow Saw |
| 18:45 | Create | Villager (Male) |
| 18:46 | Create | Villager (Male) |
| 18:53 | Build | Palisade Wall |
| 18:55 | Build | Palisade Wall |
| 18:57 | Build | Palisade Wall |
| 19:00 | Build | Palisade Wall |
| 19:01 | Build | Palisade Wall |
| 19:10 | Create | Villager (Male) |
| 19:14 | Build | Archery Range |
| 19:16 | Create | Bolas Rider |
| 19:19 | Research | Fletching |
| 19:20 | Create | Villager (Male) |
| 19:22 | Create | Villager (Male) |
| 19:34 | Create | Villager (Male) |
| 19:57 | Create | Bolas Rider |
| 20:09 | Build | House |
| 20:10 | Create | Bolas Rider |
| 20:11 | Create | Villager (Male) |
| 20:13 | Create | Villager (Male) |
| 20:35 | Build | Town Center |
| 20:36 | Create | Villager (Male) |
| 20:49 | Create | Bolas Rider |
| 20:50 | Build | House |
| 20:52 | Create | Villager (Male) |
| 21:04 | Create | Villager (Male) |
| 21:15 | Build | Farm |
| 21:15 | Build | Farm |
| 21:17 | Build | Farm |
| 21:18 | Build | Farm |
| 21:21 | Build | Farm |
| 21:23 | Create | Bolas Rider |
| 21:26 | Create | Bolas Rider |
| 21:53 | Build | Farm |
| 21:53 | Create | Bolas Rider |
| 22:04 | Build | Farm |
| 22:05 | Build | Farm |
| 22:06 | Build | Farm |
| 22:17 | Create | Bolas Rider |
| 22:19 | Create | Villager (Male) |
| 22:26 | Create | Villager (Male) |
| 22:29 | Build | Farm |
| 22:30 | Build | Farm |
| 22:53 | Build | Farm |
| 22:55 | Create | Villager (Male) |
| 22:56 | Create | Villager (Male) |
| 23:04 | Create | Villager (Male) |
| 23:08 | Build | Farm |
| 23:11 | Create | Villager (Male) |
| 23:24 | Create | Villager (Male) |
| 23:25 | Build | Farm |
| 23:26 | Create | Villager (Male) |
| 23:28 | Create | Villager (Male) |
| 23:42 | Create | Villager (Male) |
| 23:43 | Build | Farm |
| 24:01 | Create | Bolas Rider |
| 24:22 | Create | Villager (Male) |
| 24:30 | Create | Bolas Rider |
| 24:31 | Create | Bolas Rider |
| 24:37 | Build | House |
| 24:38 | Build | House |
| 24:56 | Research | Bodkin Arrow |
| 24:57 | Research | Padded Archer Armor |
| 24:57 | Create | Bolas Rider |
| 25:01 | Build | House |
| 25:01 | Build | House |
| 25:13 | Create | Villager (Male) |
| 25:21 | Create | Villager (Male) |
| 25:25 | Create | Villager (Male) |
| 25:27 | Create | Villager (Male) |
| 25:27 | Create | Villager (Male) |
| 25:47 | Create | Villager (Male) |
| 25:50 | Build | Farm |
| 25:55 | Research | Wheelbarrow |
| 25:56 | Create | Bolas Rider |
Build order — 主打抽象
First 150 of 1122 actions detected
| 0:26 | Build | Town Center |
| 2:07 | Build | House |
| 2:44 | Create | Villager (Male) |
| 2:44 | Create | Villager (Male) |
| 2:45 | Create | Villager (Male) |
| 2:48 | Create | Villager (Male) |
| 2:48 | Create | Villager (Male) |
| 3:57 | Create | Villager (Male) |
| 3:58 | Create | Villager (Male) |
| 4:06 | Build | House |
| 4:19 | Create | Villager (Male) |
| 4:20 | Create | Villager (Male) |
| 4:38 | Build | House |
| 4:46 | Build | House |
| 5:04 | Create | Villager (Male) |
| 5:04 | Create | Villager (Male) |
| 5:22 | Create | Villager (Male) |
| 5:22 | Create | Villager (Male) |
| 5:23 | Create | Villager (Male) |
| 5:27 | Build | Lumber Camp |
| 6:05 | Create | Villager (Male) |
| 6:05 | Create | Villager (Male) |
| 6:28 | Build | House |
| 6:38 | Build | House |
| 6:42 | Build | House |
| 6:52 | Create | Villager (Male) |
| 6:52 | Create | Villager (Male) |
| 7:20 | Create | Villager (Male) |
| 7:31 | Create | Villager (Male) |
| 7:32 | Create | Villager (Male) |
| 8:01 | Build | Mill |
| 8:06 | Build | House |
| 8:12 | Create | Villager (Male) |
| 8:15 | Create | Villager (Male) |
| 8:18 | Build | House |
| 8:48 | Build | House |
| 9:02 | Build | House |
| 9:08 | Build | House |
| 9:33 | Research | Feudal Age |
| 9:33 | Research | Feudal Age |
| 9:53 | Build | House |
| 9:55 | Create | Villager (Male) |
| 10:41 | Build | Barracks |
| 10:49 | Build | House |
| 10:52 | Create | Villager (Male) |
| 11:42 | Age | Feudal Age |
| 11:45 | Build | Stable |
| 12:16 | Create | Villager (Male) |
| 12:26 | Create | Scout Cavalry |
| 12:26 | Create | Scout Cavalry |
| 12:32 | Build | Stable |
| 12:49 | Create | Villager (Male) |
| 12:57 | Create | Scout Cavalry |
| 13:10 | Create | Villager (Male) |
| 13:13 | Research | Double-Bit Axe |
| 13:13 | Research | Double-Bit Axe |
| 13:23 | Build | House |
| 13:24 | Build | House |
| 13:27 | Create | Scout Cavalry |
| 13:36 | Create | Scout Cavalry |
| 13:40 | Create | Villager (Male) |
| 13:59 | Build | House |
| 14:00 | Build | House |
| 14:14 | Create | Scout Cavalry |
| 14:15 | Create | Villager (Male) |
| 14:38 | Build | Palisade Wall |
| 14:42 | Create | Villager (Male) |
| 14:45 | Build | Farm |
| 14:45 | Build | Farm |
| 14:45 | Build | Farm |
| 14:46 | Build | Farm |
| 14:47 | Create | Villager (Male) |
| 15:10 | Build | Mill |
| 15:19 | Build | Mill |
| 15:27 | Create | Scout Cavalry |
| 15:28 | Create | Scout Cavalry |
| 15:48 | Create | Villager (Male) |
| 16:02 | Create | Villager (Male) |
| 16:12 | Create | Villager (Male) |
| 16:29 | Create | Scout Cavalry |
| 16:41 | Create | Scout Cavalry |
| 16:51 | Create | Villager (Male) |
| 17:02 | Create | Villager (Male) |
| 17:06 | Create | Scout Cavalry |
| 17:06 | Create | Scout Cavalry |
| 17:10 | Create | Villager (Male) |
| 17:15 | Build | Farm |
| 17:15 | Build | Farm |
| 17:15 | Build | Farm |
| 17:15 | Build | Farm |
| 17:36 | Build | Farm |
| 17:37 | Build | Farm |
| 17:39 | Create | Scout Cavalry |
| 17:40 | Create | Scout Cavalry |
| 18:30 | Create | Villager (Male) |
| 18:33 | Create | Villager (Male) |
| 18:35 | Build | Farm |
| 18:36 | Build | Farm |
| 18:37 | Create | Spearman |
| 18:37 | Create | Spearman |
| 18:37 | Create | Spearman |
| 18:38 | Create | Villager (Male) |
| 18:51 | Build | Blacksmith |
| 18:52 | Create | Villager (Male) |
| 19:05 | Build | Farm |
| 19:06 | Build | Farm |
| 19:09 | Research | Wheelbarrow |
| 19:11 | Research | Loom |
| 19:11 | Research | Loom |
| 19:30 | Build | House |
| 19:31 | Build | House |
| 19:32 | Create | Villager (Male) |
| 19:33 | Create | Spearman |
| 19:46 | Create | Villager (Male) |
| 20:00 | Create | Spearman |
| 20:08 | Create | Spearman |
| 20:18 | Create | Villager (Male) |
| 20:23 | Build | Mining Camp |
| 20:29 | Build | Market |
| 20:31 | Build | House |
| 21:00 | Create | Spearman |
| 21:12 | Create | Villager (Male) |
| 21:44 | Research | Castle Age |
| 21:44 | Research | Castle Age |
| 21:47 | Create | Spearman |
| 21:48 | Create | Spearman |
| 21:48 | Create | Spearman |
| 22:04 | Research | Horse Collar |
| 22:05 | Research | Horse Collar |
| 22:21 | Build | House |
| 22:23 | Build | Palisade Wall |
| 22:31 | Build | Mining Camp |
| 22:40 | Build | Watch Tower |
| 22:57 | Create | Villager (Male) |
| 23:05 | Create | Villager (Male) |
| 23:16 | Build | Watch Tower |
| 23:18 | Research | Fletching |
| 23:18 | Research | Fletching |
| 23:38 | Build | Lumber Camp |
| 24:04 | Build | Watch Tower |
| 24:08 | Create | Villager (Male) |
| 24:12 | Create | Villager (Male) |
| 24:13 | Build | Barracks |
| 24:24 | Age | Castle Age |
| 24:52 | Create | Villager (Male) |
| 25:04 | Build | Farm |
| 25:04 | Build | Farm |
| 25:16 | Research | Pikeman (upgrade) |
| 25:16 | Research | Pikeman (upgrade) |
| 25:17 | Research | Squires |
Build order — right
First 150 of 712 actions detected
| 0:53 | Build | Town Center |
| 2:21 | Build | House |
| 3:29 | Create | Villager (Male) |
| 3:29 | Create | Villager (Male) |
| 3:30 | Create | Villager (Male) |
| 3:35 | Create | Villager (Male) |
| 4:44 | Build | House |
| 5:00 | Create | Villager (Male) |
| 5:00 | Create | Villager (Male) |
| 5:24 | Create | Villager (Male) |
| 5:51 | Create | Villager (Male) |
| 5:51 | Create | Villager (Male) |
| 6:17 | Create | Villager (Male) |
| 6:34 | Build | Lumber Camp |
| 6:45 | Create | Villager (Male) |
| 6:45 | Create | Villager (Male) |
| 7:16 | Create | Villager (Male) |
| 7:17 | Create | Villager (Male) |
| 7:21 | Build | House |
| 7:30 | Build | House |
| 7:58 | Create | Villager (Male) |
| 8:26 | Create | Villager (Male) |
| 8:58 | Create | Villager (Male) |
| 9:09 | Build | Mill |
| 9:12 | Create | Villager (Male) |
| 9:43 | Create | Villager (Male) |
| 9:57 | Build | House |
| 10:30 | Create | Villager (Male) |
| 10:56 | Create | Villager (Male) |
| 11:08 | Research | Loom |
| 11:52 | Research | Feudal Age |
| 12:07 | Build | Barracks |
| 12:12 | Create | Villager (Male) |
| 13:27 | Build | Outpost |
| 13:46 | Create | Villager (Male) |
| 14:02 | Age | Feudal Age |
| 14:05 | Build | Archery Range |
| 14:26 | Create | Villager (Male) |
| 14:39 | Build | Blacksmith |
| 14:44 | Create | Archer |
| 14:44 | Create | Archer |
| 14:44 | Create | Archer |
| 14:54 | Create | Villager (Male) |
| 15:15 | Create | Archer |
| 15:22 | Build | Watch Tower |
| 15:25 | Create | Villager (Male) |
| 15:32 | Research | Fletching |
| 15:41 | Create | Archer |
| 15:42 | Create | Archer |
| 15:54 | Build | House |
| 15:55 | Build | House |
| 16:06 | Research | Padded Archer Armor |
| 16:16 | Build | Palisade Wall |
| 16:17 | Build | Palisade Wall |
| 16:45 | Create | Archer |
| 16:45 | Create | Archer |
| 16:47 | Create | Villager (Male) |
| 16:47 | Create | Villager (Male) |
| 17:01 | Build | Palisade Wall |
| 17:02 | Build | Palisade Wall |
| 17:43 | Create | Villager (Male) |
| 17:44 | Create | Villager (Male) |
| 17:48 | Create | Archer |
| 17:49 | Create | Archer |
| 18:16 | Create | Archer |
| 18:38 | Create | Spearman |
| 18:38 | Create | Spearman |
| 18:51 | Build | Mill |
| 19:27 | Build | Lumber Camp |
| 19:38 | Create | Spearman |
| 19:38 | Create | Spearman |
| 19:38 | Create | Spearman |
| 19:41 | Build | House |
| 19:42 | Build | House |
| 20:06 | Create | Spearman |
| 20:16 | Research | Scale Mail Armor |
| 20:18 | Create | Villager (Male) |
| 20:27 | Create | Spearman |
| 20:58 | Create | Villager (Male) |
| 20:58 | Create | Villager (Male) |
| 21:04 | Build | Market |
| 21:09 | Create | Spearman |
| 21:17 | Create | Villager (Male) |
| 21:19 | Create | Spearman |
| 21:26 | Build | House |
| 22:11 | Build | House |
| 22:13 | Build | Palisade Wall |
| 22:14 | Build | Palisade Wall |
| 22:14 | Build | Palisade Wall |
| 22:16 | Build | Palisade Wall |
| 22:19 | Build | Palisade Wall |
| 22:23 | Build | Palisade Wall |
| 23:50 | Research | Castle Age |
| 24:26 | Build | Mill |
| 24:37 | Research | Double-Bit Axe |
| 24:37 | Research | Double-Bit Axe |
| 24:56 | Build | Mill |
| 26:30 | Age | Castle Age |
| 27:07 | Build | Town Center |
| 27:13 | Create | Villager (Male) |
| 27:13 | Create | Villager (Male) |
| 27:14 | Create | Villager (Male) |
| 27:14 | Create | Villager (Male) |
| 27:46 | Create | Villager (Male) |
| 28:28 | Build | Town Center |
| 29:09 | Build | House |
| 29:52 | Build | Lumber Camp |
| 29:55 | Create | Villager (Male) |
| 30:29 | Create | Villager (Male) |
| 30:29 | Create | Villager (Male) |
| 30:29 | Create | Villager (Male) |
| 30:31 | Create | Villager (Male) |
| 30:31 | Create | Villager (Male) |
| 31:16 | Create | Villager (Male) |
| 32:09 | Create | Villager (Male) |
| 32:10 | Create | Villager (Male) |
| 32:21 | Build | Lumber Camp |
| 32:36 | Create | Villager (Male) |
| 32:43 | Create | Villager (Male) |
| 33:20 | Create | Villager (Male) |
| 33:39 | Create | Villager (Male) |
| 33:55 | Create | Villager (Male) |
| 34:25 | Research | Bow Saw |
| 34:53 | Build | Town Center |
| 35:05 | Create | Villager (Male) |
| 35:05 | Create | Villager (Male) |
| 35:05 | Create | Villager (Male) |
| 35:25 | Research | Wheelbarrow |
| 35:44 | Create | Villager (Male) |
| 35:44 | Create | Villager (Male) |
| 35:44 | Create | Villager (Male) |
| 35:55 | Create | Villager (Male) |
| 35:55 | Create | Villager (Male) |
| 36:11 | Build | House |
| 36:12 | Build | House |
| 36:19 | Create | Villager (Male) |
| 36:34 | Build | House |
| 36:35 | Build | House |
| 36:41 | Create | Villager (Male) |
| 36:50 | Build | House |
| 36:51 | Build | House |
| 36:52 | Build | House |
| 36:58 | Create | Villager (Male) |
| 37:15 | Create | Villager (Male) |
| 37:19 | Build | House |
| 37:20 | Build | House |
| 37:27 | Create | Villager (Male) |
| 37:28 | Create | Villager (Male) |
| 37:41 | Build | Town Center |
| 37:51 | Create | Villager (Male) |
Build order — 七少爷
First 150 of 412 actions detected
| 0:31 | Build | Town Center |
| 2:31 | Create | Villager (Male) |
| 2:31 | Create | Villager (Male) |
| 2:32 | Create | Villager (Male) |
| 2:32 | Create | Villager (Male) |
| 2:56 | Create | Villager (Male) |
| 2:57 | Create | Villager (Male) |
| 3:33 | Create | Villager (Male) |
| 3:59 | Create | Villager (Male) |
| 4:57 | Build | Lumber Camp |
| 5:38 | Create | Villager (Male) |
| 5:39 | Create | Villager (Male) |
| 5:42 | Create | Villager (Male) |
| 5:42 | Create | Villager (Male) |
| 5:42 | Create | Villager (Male) |
| 6:34 | Create | Villager (Male) |
| 6:34 | Create | Villager (Male) |
| 6:35 | Create | Villager (Male) |
| 6:51 | Create | Villager (Male) |
| 7:57 | Create | Villager (Male) |
| 7:58 | Create | Villager (Male) |
| 9:55 | Build | Mill |
| 10:01 | Create | Villager (Male) |
| 10:17 | Create | Villager (Male) |
| 10:53 | Create | Villager (Male) |
| 10:56 | Research | Feudal Age |
| 11:00 | Research | Loom |
| 11:00 | Create | Villager (Male) |
| 13:13 | Age | Feudal Age |
| 13:17 | Build | Barracks |
| 13:28 | Build | Blacksmith |
| 13:52 | Build | Market |
| 14:00 | Create | Villager (Male) |
| 14:11 | Build | Palisade Wall |
| 14:18 | Build | Mining Camp |
| 14:34 | Research | Castle Age |
| 14:41 | Build | Stable |
| 14:43 | Build | Stable |
| 16:52 | Create | Villager (Male) |
| 16:53 | Create | Villager (Male) |
| 17:14 | Age | Castle Age |
| 17:17 | Create | Knight ×5 |
| 17:21 | Research | Scale Barding Armor |
| 17:26 | Research | Double-Bit Axe |
| 19:43 | Build | Town Center |
| 20:13 | Create | Villager (Male) ×5 |
| 20:14 | Create | Villager (Male) ×4 |
| 20:45 | Build | Siege Workshop |
| 21:16 | Build | Farm |
| 21:17 | Build | Farm |
| 21:18 | Build | Farm |
| 21:45 | Build | Farm |
| 21:45 | Build | Farm |
| 21:50 | Create | Battering Ram |
| 21:51 | Create | Battering Ram |
| 21:52 | Create | Battering Ram |
| 21:54 | Create | Battering Ram |
| 22:14 | Build | Farm |
| 22:15 | Build | Farm |
| 22:16 | Build | Farm |
| 22:37 | Create | Villager (Male) |
| 22:57 | Create | Villager (Male) ×2 |
| 23:23 | Build | Farm |
| 24:01 | Build | Castle |
| 24:09 | Build | Barracks |
| 24:15 | Build | Barracks |
| 24:32 | Create | Villager (Male) ×5 |
| 24:33 | Create | Villager (Male) |
| 25:18 | Build | Archery Range |
| 25:20 | Build | Archery Range |
| 25:45 | Create | Villager (Male) ×5 |
| 25:45 | Create | Villager (Male) |
| 26:01 | Build | Town Center |
| 26:18 | Research | Fletching |
| 27:13 | Create | Cavalry Archer ×5 |
| 27:14 | Create | Cavalry Archer ×5 |
| 27:14 | Create | Cavalry Archer ×5 |
| 27:19 | Research | Padded Archer Armor |
| 27:57 | Create | Mangonel |
| 28:11 | Create | Villager (Male) ×5 |
| 28:18 | Build | Farm |
| 28:18 | Build | Farm |
| 28:19 | Build | Farm |
| 28:22 | Build | Farm |
| 28:27 | Create | Villager (Male) ×2 |
| 28:28 | Create | Villager (Male) ×2 |
| 28:40 | Build | Farm |
| 28:41 | Build | Farm |
| 28:41 | Build | Farm |
| 28:42 | Build | Farm |
| 28:55 | Create | Mangonel |
| 29:03 | Build | Farm |
| 29:44 | Create | Mangonel |
| 30:03 | Build | Farm |
| 30:05 | Create | Villager (Male) ×5 |
| 30:06 | Create | Villager (Male) ×5 |
| 31:25 | Build | Town Center |
| 31:31 | Build | Town Center |
| 31:40 | Research | Gold Mining |
| 31:44 | Create | Villager (Male) ×5 |
| 31:44 | Create | Villager (Male) ×5 |
| 33:01 | Build | Stable |
| 33:02 | Build | Stable |
| 33:04 | Build | Stable |
| 33:20 | Research | Wheelbarrow |
| 33:23 | Research | Bow Saw |
| 33:29 | Build | Farm |
| 33:30 | Build | Farm |
| 33:35 | Research | Horse Collar |
| 33:41 | Build | Farm |
| 34:26 | Build | Castle |
| 34:29 | Research | Bodkin Arrow |
| 34:30 | Research | Leather Archer Armor |
| 34:34 | Research | Thumb Ring |
| 34:36 | Create | Cavalry Archer ×5 |
| 34:37 | Create | Cavalry Archer ×5 |
| 34:38 | Create | Cavalry Archer ×3 |
| 34:38 | Create | Cavalry Archer ×3 |
| 35:04 | Build | Town Center |
| 35:06 | Build | Farm |
| 35:06 | Build | Farm |
| 35:07 | Build | Farm |
| 35:07 | Build | Farm |
| 35:08 | Build | Farm |
| 35:08 | Build | Farm |
| 35:08 | Build | Farm |
| 35:09 | Build | Farm |
| 35:09 | Build | Farm |
| 35:09 | Build | Farm |
| 35:09 | Build | Farm |
| 35:10 | Build | Farm |
| 35:10 | Build | Farm |
| 35:10 | Build | Farm |
| 35:11 | Build | Farm |
| 35:11 | Build | Farm |
| 35:11 | Build | Farm |
| 35:11 | Build | Farm |
| 35:12 | Build | Farm |
| 35:12 | Build | Farm |
| 35:12 | Build | Farm |
| 35:13 | Build | Farm |
| 35:13 | Build | Farm |
| 35:13 | Build | Farm |
| 35:13 | Build | Farm |
| 35:14 | Build | Farm |
| 35:14 | Build | Farm |
| 35:14 | Build | Farm |
| 35:15 | Build | Farm |
| 35:15 | Build | Farm |
| 35:15 | Build | Farm |
Build order — guai哥
First 150 of 826 actions detected
| 0:37 | Build | Town Center |
| 2:28 | Create | Villager (Male) |
| 2:29 | Create | Villager (Male) |
| 2:29 | Create | Villager (Male) |
| 2:31 | Create | Villager (Male) |
| 3:02 | Build | House |
| 3:11 | Create | Villager (Male) |
| 3:12 | Create | Villager (Male) |
| 3:21 | Research | Loom |
| 3:35 | Create | Villager (Male) |
| 3:35 | Create | Villager (Male) |
| 3:49 | Build | Lumber Camp |
| 4:24 | Create | Villager (Male) |
| 4:24 | Create | Villager (Male) |
| 4:26 | Create | Villager (Male) |
| 4:41 | Build | House |
| 5:17 | Build | House |
| 5:28 | Create | Villager (Male) |
| 5:28 | Create | Villager (Male) |
| 5:35 | Build | House |
| 5:48 | Create | Villager (Male) |
| 5:48 | Create | Villager (Male) |
| 6:05 | Build | House |
| 6:29 | Create | Villager (Male) |
| 7:06 | Build | House |
| 7:17 | Create | Villager (Male) |
| 7:17 | Create | Villager (Male) |
| 7:20 | Create | Villager (Male) |
| 7:20 | Create | Villager (Male) |
| 7:26 | Build | Mill |
| 7:27 | Create | Villager (Male) |
| 7:27 | Create | Villager (Male) |
| 7:36 | Create | Villager (Male) |
| 7:36 | Create | Villager (Male) |
| 8:06 | Build | House |
| 8:36 | Create | Villager (Male) |
| 8:42 | Build | House |
| 9:30 | Create | Villager (Male) |
| 9:31 | Create | Villager (Male) |
| 9:50 | Build | House |
| 10:38 | Research | Feudal Age |
| 10:53 | Build | Mining Camp |
| 11:54 | Build | Barracks |
| 11:57 | Create | Villager (Male) |
| 11:57 | Create | Villager (Male) |
| 12:48 | Age | Feudal Age |
| 12:56 | Build | Blacksmith |
| 13:00 | Create | Villager (Male) |
| 13:00 | Create | Villager (Male) |
| 14:10 | Create | Villager (Male) |
| 14:19 | Build | Stable |
| 14:57 | Research | Castle Age |
| 14:57 | Research | Castle Age |
| 15:11 | Build | Gate |
| 15:19 | Build | Mining Camp |
| 15:26 | Build | House |
| 15:37 | Research | Double-Bit Axe |
| 15:40 | Build | House |
| 15:42 | Build | Palisade Wall |
| 16:29 | Research | Stone Mining |
| 16:29 | Research | Stone Mining |
| 17:28 | Create | Villager (Male) |
| 17:28 | Create | Villager (Male) |
| 17:28 | Create | Villager (Male) |
| 17:37 | Age | Castle Age |
| 17:38 | Research | Bow Saw |
| 17:38 | Research | Bow Saw |
| 18:24 | Build | Town Center |
| 18:33 | Create | Villager (Male) |
| 18:33 | Create | Villager (Male) |
| 18:46 | Research | Horse Collar |
| 19:16 | Build | House |
| 19:17 | Build | House |
| 19:22 | Create | Villager (Male) |
| 19:35 | Create | Villager (Male) |
| 19:35 | Create | Villager (Male) |
| 19:49 | Research | Wheelbarrow |
| 20:10 | Create | Villager (Male) |
| 20:23 | Build | Castle |
| 20:28 | Create | Villager (Male) |
| 20:35 | Build | Farm |
| 20:37 | Build | Farm |
| 20:42 | Build | Farm |
| 20:51 | Build | Farm |
| 21:00 | Create | Villager (Male) |
| 21:00 | Create | Villager (Male) |
| 21:36 | Create | Camel Archer |
| 21:36 | Create | Camel Archer |
| 21:41 | Create | Villager (Male) |
| 21:41 | Create | Villager (Male) |
| 21:43 | Research | Fletching |
| 21:50 | Create | Camel Archer |
| 21:50 | Create | Camel Archer |
| 21:54 | Build | Farm |
| 21:56 | Build | Farm |
| 21:59 | Build | Farm |
| 22:04 | Create | Villager (Male) |
| 22:04 | Create | Villager (Male) |
| 22:18 | Build | Farm |
| 22:41 | Create | Villager (Male) |
| 22:42 | Create | Villager (Male) |
| 22:49 | Create | Camel Archer |
| 22:55 | Create | Villager (Male) |
| 22:56 | Create | Villager (Male) |
| 23:11 | Research | Bodkin Arrow |
| 23:12 | Create | Camel Archer |
| 23:15 | Create | Villager (Male) |
| 23:15 | Create | Villager (Male) |
| 23:34 | Create | Camel Archer |
| 23:39 | Create | Villager (Male) |
| 23:39 | Create | Villager (Male) |
| 23:41 | Build | Farm |
| 23:44 | Build | Farm |
| 23:59 | Research | Husbandry |
| 24:04 | Build | Farm |
| 24:09 | Create | Camel Archer |
| 24:20 | Create | Villager (Male) |
| 24:20 | Create | Villager (Male) |
| 24:22 | Build | Farm |
| 24:26 | Build | Farm |
| 24:30 | Create | Villager (Male) |
| 24:30 | Create | Villager (Male) |
| 24:31 | Create | Villager (Male) |
| 24:50 | Build | Farm |
| 24:51 | Build | Farm |
| 24:59 | Research | Padded Archer Armor |
| 25:06 | Create | Camel Archer |
| 25:07 | Create | Camel Archer |
| 25:07 | Create | Camel Archer |
| 25:10 | Research | Town Watch |
| 25:15 | Create | Villager (Male) |
| 25:15 | Create | Villager (Male) |
| 25:18 | Create | Camel Archer |
| 25:36 | Create | Camel Archer |
| 25:54 | Build | Farm |
| 26:04 | Create | Villager (Male) |
| 26:05 | Create | Villager (Male) |
| 26:21 | Build | Town Center |
| 26:25 | Create | Villager (Male) |
| 26:26 | Create | Villager (Male) |
| 26:28 | Create | Camel Archer |
| 26:48 | Create | Villager (Male) |
| 27:04 | Build | House |
| 27:05 | Build | House |
| 27:09 | Research | Leather Archer Armor |
| 27:17 | Research | Bloodlines |
| 27:17 | Research | Bloodlines |
| 27:28 | Build | Lumber Camp |
| 27:32 | Create | Camel Archer |
| 27:33 | Create | Camel Archer |
Build order — 宁波小猢狲
First 150 of 1058 actions detected
| 0:12 | Build | House |
| 0:29 | Build | Town Center |
| 2:33 | Create | Villager (Male) |
| 2:33 | Create | Villager (Male) |
| 2:34 | Create | Villager (Male) |
| 2:34 | Create | Villager (Male) |
| 2:45 | Build | House |
| 2:59 | Build | House |
| 3:31 | Build | House |
| 3:45 | Build | House |
| 3:57 | Create | Villager (Male) |
| 4:32 | Create | Villager (Male) |
| 4:32 | Create | Villager (Male) |
| 4:40 | Build | House |
| 4:53 | Create | Villager (Male) |
| 4:53 | Create | Villager (Male) |
| 5:07 | Build | Lumber Camp |
| 5:34 | Create | Villager (Male) |
| 5:34 | Create | Villager (Male) |
| 6:29 | Create | Villager (Male) |
| 6:30 | Create | Villager (Male) |
| 6:30 | Create | Villager (Male) |
| 6:33 | Build | House |
| 6:39 | Build | House |
| 6:57 | Build | House |
| 7:18 | Build | Mill |
| 7:37 | Create | Villager (Male) |
| 7:37 | Create | Villager (Male) |
| 7:44 | Create | Villager (Male) |
| 7:56 | Create | Villager (Male) |
| 8:01 | Build | House |
| 8:38 | Build | House |
| 8:54 | Build | House |
| 9:06 | Create | Villager (Male) |
| 9:08 | Build | House |
| 9:36 | Create | Villager (Male) |
| 9:37 | Research | Loom |
| 10:18 | Research | Feudal Age |
| 10:18 | Research | Feudal Age |
| 11:00 | Build | House |
| 11:14 | Build | Mining Camp |
| 11:17 | Build | House |
| 11:28 | Build | House |
| 11:42 | Build | House |
| 11:47 | Research | Loom |
| 11:47 | Create | Villager (Male) |
| 12:39 | Age | Feudal Age |
| 12:43 | Build | Market |
| 12:47 | Build | Blacksmith |
| 13:33 | Research | Castle Age |
| 14:08 | Build | House |
| 14:20 | Create | Villager (Male) |
| 14:29 | Research | Double-Bit Axe |
| 14:29 | Research | Double-Bit Axe |
| 14:34 | Build | House |
| 14:52 | Build | House |
| 14:55 | Build | House |
| 15:06 | Build | House |
| 15:14 | Build | House |
| 15:24 | Build | House |
| 16:01 | Create | Villager (Male) |
| 16:09 | Create | Villager (Male) |
| 16:13 | Age | Castle Age |
| 16:13 | Research | Bow Saw |
| 16:13 | Research | Bow Saw |
| 16:42 | Build | Town Center |
| 16:55 | Create | Villager (Male) |
| 17:04 | Create | Villager (Male) |
| 17:13 | Research | Horse Collar |
| 17:29 | Create | Villager (Male) |
| 17:36 | Build | House |
| 17:38 | Build | Palisade Wall |
| 17:44 | Create | Villager (Male) |
| 17:51 | Create | Villager (Male) |
| 17:52 | Create | Villager (Male) |
| 18:30 | Build | Castle |
| 18:40 | Build | House |
| 18:44 | Build | Palisade Wall |
| 18:49 | Create | Villager (Male) |
| 18:50 | Create | Villager (Male) |
| 18:50 | Create | Villager (Male) |
| 18:50 | Create | Villager (Male) |
| 18:50 | Create | Villager (Male) |
| 19:10 | Create | Villager (Male) |
| 19:20 | Create | Villager (Male) |
| 19:31 | Create | Conquistador |
| 19:36 | Build | Farm |
| 19:41 | Build | Farm |
| 19:43 | Build | Farm |
| 19:45 | Build | Farm |
| 19:47 | Create | Conquistador |
| 19:50 | Build | Farm |
| 19:53 | Build | Farm |
| 19:56 | Build | Farm |
| 19:57 | Build | Farm |
| 20:05 | Create | Conquistador |
| 20:05 | Create | Conquistador |
| 20:15 | Build | Farm |
| 20:23 | Create | Villager (Male) |
| 20:43 | Create | Villager (Male) |
| 20:49 | Build | House |
| 20:50 | Build | House |
| 20:51 | Create | Villager (Male) |
| 20:57 | Create | Conquistador |
| 21:01 | Create | Villager (Male) |
| 21:01 | Create | Villager (Male) |
| 21:11 | Build | Mining Camp |
| 21:15 | Create | Villager (Male) |
| 21:19 | Build | Farm |
| 21:34 | Create | Villager (Male) |
| 21:35 | Create | Villager (Male) |
| 21:48 | Build | Town Center |
| 21:54 | Create | Villager (Male) |
| 21:54 | Create | Villager (Male) |
| 22:00 | Create | Conquistador |
| 22:11 | Build | Farm |
| 22:16 | Research | Padded Archer Armor |
| 22:16 | Research | Padded Archer Armor |
| 22:20 | Create | Villager (Male) |
| 22:35 | Build | House |
| 22:37 | Create | Villager (Male) |
| 22:39 | Create | Conquistador |
| 22:43 | Create | Villager (Male) |
| 22:46 | Build | Farm |
| 22:48 | Build | Farm |
| 22:51 | Create | Villager (Male) |
| 22:52 | Create | Villager (Male) |
| 23:03 | Build | House |
| 23:04 | Build | House |
| 23:30 | Research | Leather Archer Armor |
| 23:30 | Research | Leather Archer Armor |
| 23:30 | Create | Villager (Male) |
| 23:35 | Build | Barracks |
| 23:38 | Create | Villager (Male) |
| 24:00 | Build | Mining Camp |
| 24:03 | Create | Villager (Male) |
| 24:06 | Create | Conquistador |
| 24:07 | Create | Conquistador |
| 24:09 | Create | Villager (Male) |
| 24:20 | Create | Villager (Male) |
| 24:20 | Create | Villager (Male) |
| 24:22 | Create | Villager (Male) |
| 24:36 | Build | Stable |
| 24:37 | Create | Conquistador |
| 24:38 | Create | Villager (Male) |
| 24:48 | Create | Villager (Male) |
| 24:49 | Create | Villager (Male) |
| 24:50 | Create | Villager (Male) |
| 24:50 | Create | Villager (Male) |
| 25:01 | Create | Villager (Male) |
Match timeline
| 8:30 | 福州黄轩 · wall_segment Palisade Wall x1 |
| 8:31 | 福州黄轩 · wall_segment Palisade Wall x1 |
| 10:41 | 主打抽象 · first_building Barracks |
| 10:59 | 蓝瑞集团 · first_building Barracks |
| 11:42 | 主打抽象 · age_up feudal |
| 11:43 | 福州黄轩 · first_building Barracks |
| 11:45 | 主打抽象 · first_building Stable |
| 11:53 | 大桶泳 寿司 · wall_segment Palisade Wall x1 |
| 11:54 | guai哥 · first_building Barracks |
| 11:55 | 大桶泳 寿司 · wall_segment Palisade Wall x1 |
| 11:55 | 大桶泳 寿司 · wall_segment Palisade Wall x1 |
| 11:56 | 大桶泳 寿司 · wall_segment Palisade Wall x1 |
| 11:57 | 大桶泳 寿司 · wall_segment Palisade Wall x1 |
| 11:58 | 大桶泳 寿司 · wall_segment Palisade Wall x1 |
| 12:04 | 大桶泳 寿司 · wall_segment Palisade Wall x1 |
| 12:06 | 大桶泳 寿司 · wall_segment Palisade Wall x1 |
| 12:07 | 大桶泳 寿司 · wall_segment Palisade Wall x1 |
| 12:07 | right · first_building Barracks |
| 12:08 | 大桶泳 寿司 · wall_segment Palisade Wall x1 |
| 12:39 | 宁波小猢狲 · age_up feudal |
| 12:39 | 蓝瑞集团 · wall_segment Palisade Wall x1 |
| 12:40 | 蓝瑞集团 · wall_segment Palisade Wall x1 |
| 12:41 | 蓝瑞集团 · wall_segment Palisade Wall x1 |
| 12:42 | 蓝瑞集团 · wall_segment Palisade Wall x1 |
| 12:43 | 蓝瑞集团 · wall_segment Palisade Wall x1 |
| 12:44 | 蓝瑞集团 · wall_segment Palisade Wall x1 |
| 12:45 | 蓝瑞集团 · wall_segment Palisade Wall x1 |
| 12:46 | 蓝瑞集团 · wall_segment Palisade Wall x1 |
| 12:48 | 蓝瑞集团 · wall_segment Palisade Wall x1 |
| 12:48 | guai哥 · age_up feudal |
| 12:49 | 蓝瑞集团 · wall_segment Palisade Wall x1 |
| 12:51 | 蓝瑞集团 · wall_segment Palisade Wall x1 |
| 12:52 | 蓝瑞集团 · wall_segment Palisade Wall x1 |
| 12:53 | 蓝瑞集团 · wall_segment Palisade Wall x1 |
| 12:54 | 蓝瑞集团 · wall_segment Palisade Wall x1 |
| 12:55 | 蓝瑞集团 · wall_segment Palisade Wall x1 |
| 13:04 | 大桶泳 寿司 · age_up feudal |
| 13:13 | 七少爷 · age_up feudal |
| 13:17 | 七少爷 · first_building Barracks |
| 13:20 | 福州黄轩 · age_up feudal |
| 13:26 | 福州黄轩 · first_building Archery Range |
| 13:29 | 蓝瑞集团 · age_up feudal |
| 14:02 | 蓝瑞集团 · first_building Stable |
| 14:02 | right · age_up feudal |
| 14:05 | right · first_building Archery Range |
| 14:11 | 七少爷 · wall_segment Palisade Wall x1 |
| 14:19 | guai哥 · first_building Stable |
| 14:38 | 主打抽象 · wall_segment Palisade Wall x1 |
| 14:41 | 七少爷 · first_building Stable |
| 14:46 | 大桶泳 寿司 · first_building Barracks |
| 15:42 | guai哥 · wall_segment Palisade Wall x1 |
| 15:55 | 大桶泳 寿司 · first_building Archery Range |
| 16:13 | 宁波小猢狲 · age_up castle |
| 16:16 | right · wall_segment Palisade Wall x1 |
| 16:17 | right · wall_segment Palisade Wall x1 |
| 16:37 | 大桶泳 寿司 · age_up castle |
| 16:47 | 大桶泳 寿司 · wall_segment Palisade Wall x1 |
| 16:48 | 大桶泳 寿司 · wall_segment Palisade Wall x1 |
| 16:51 | 福州黄轩 · age_up castle |
| 16:51 | 大桶泳 寿司 · wall_segment Palisade Wall x1 |
| 16:52 | 大桶泳 寿司 · wall_segment Palisade Wall x1 |
| 16:55 | 大桶泳 寿司 · wall_segment Palisade Wall x1 |
| 16:57 | 大桶泳 寿司 · wall_segment Palisade Wall x1 |
| 17:00 | 大桶泳 寿司 · wall_segment Palisade Wall x1 |
| 17:01 | right · wall_segment Palisade Wall x1 |
| 17:02 | right · wall_segment Palisade Wall x1 |
| 17:14 | 七少爷 · age_up castle |
| 17:37 | 大桶泳 寿司 · wall_segment Palisade Wall x1 |
| 17:37 | guai哥 · age_up castle |
| 17:38 | 宁波小猢狲 · wall_segment Palisade Wall x1 |
| 17:40 | 大桶泳 寿司 · wall_segment Palisade Wall x1 |
| 17:51 | 蓝瑞集团 · age_up castle |
| 17:52 | 大桶泳 寿司 · wall_segment Palisade Wall x1 |
| 18:30 | 宁波小猢狲 · first_building Castle |
| 18:44 | 宁波小猢狲 · wall_segment Palisade Wall x7 |
| 18:51 | 福州黄轩 · first_building Castle |
| 18:53 | 大桶泳 寿司 · wall_segment Palisade Wall x1 |
| 18:55 | 大桶泳 寿司 · wall_segment Palisade Wall x1 |
| 18:57 | 大桶泳 寿司 · wall_segment Palisade Wall x1 |
| 19:00 | 大桶泳 寿司 · wall_segment Palisade Wall x1 |
| 19:01 | 大桶泳 寿司 · wall_segment Palisade Wall x1 |
| 20:23 | guai哥 · first_building Castle |
| 20:45 | 七少爷 · first_building Siege Workshop |
| 21:44 | 主打抽象 · first_market_sell 100 food |
| 22:13 | right · wall_segment Palisade Wall x1 |
| 22:14 | right · wall_segment Palisade Wall x1 |
| 22:14 | right · wall_segment Palisade Wall x1 |
| 22:16 | right · wall_segment Palisade Wall x1 |
| 22:19 | right · wall_segment Palisade Wall x8 |
| 22:23 | 主打抽象 · wall_segment Palisade Wall x7 |
| 22:23 | right · wall_segment Palisade Wall x5 |
| 22:42 | 蓝瑞集团 · first_market_buy 100 food |
| 23:05 | right · first_market_buy 100 food |
| 23:14 | 主打抽象 · first_market_buy 100 stone |
| 23:35 | 宁波小猢狲 · first_building Barracks |
| 23:43 | right · first_market_sell 100 wood |
| 23:46 | 七少爷 · first_market_buy 100 stone |
| 24:01 | 七少爷 · first_building Castle |
| 24:24 | 主打抽象 · age_up castle |
| 24:36 | 宁波小猢狲 · first_building Stable |
| 25:18 | 七少爷 · first_building Archery Range |
| 25:45 | 主打抽象 · first_building Siege Workshop |
| 26:30 | right · age_up castle |
| 28:23 | 大桶泳 寿司 · first_market_buy 100 wood |
| 30:03 | guai哥 · first_building Archery Range |
| 30:22 | 大桶泳 寿司 · first_building Castle |
| 30:34 | 蓝瑞集团 · first_building Castle |
| 33:53 | 蓝瑞集团 · first_market_sell 100 wood |
| 34:18 | 主打抽象 · wall_segment Stone Wall x1 |
| 34:32 | 主打抽象 · wall_segment Stone Wall x1 |
| 34:53 | 蓝瑞集团 · first_building Monastery |
| 35:54 | 大桶泳 寿司 · age_up imperial |
| 36:45 | 主打抽象 · wall_segment Stone Wall x7 |
| 37:08 | 七少爷 · first_market_sell 100 food |
| 37:10 | 宁波小猢狲 · age_up imperial |
| 37:30 | 福州黄轩 · age_up imperial |
| 38:28 | 七少爷 · wall_segment Stone Wall x24 |
| 38:44 | guai哥 · first_building Monastery |
| 39:38 | guai哥 · age_up imperial |
| 40:09 | guai哥 · first_market_sell 100 food |
| 40:21 | 七少爷 · age_up imperial |
| 41:14 | 主打抽象 · age_up imperial |
| 41:18 | 蓝瑞集团 · wall_segment Stone Wall x8 |
| 42:11 | 蓝瑞集团 · age_up imperial |
| 42:46 | 主打抽象 · wall_segment Stone Wall x1 |
| 43:14 | right · first_building Castle |
| 45:36 | 蓝瑞集团 · tribute_sent a jugador 1 |
| 45:36 | 蓝瑞集团 · tribute_sent a jugador 2 |
| 45:36 | 蓝瑞集团 · tribute_sent a jugador 4 |
| 45:36 | 蓝瑞集团 · tribute_sent a jugador 5 |
| 45:36 | 蓝瑞集团 · tribute_sent a jugador 6 |
| 45:36 | 蓝瑞集团 · tribute_sent a jugador 7 |
| 45:36 | 蓝瑞集团 · tribute_sent a jugador 8 |
| 46:25 | 大桶泳 寿司 · first_market_sell 100 food |
| 47:31 | 蓝瑞集团 · tribute_sent a jugador 1 |
| 47:31 | 蓝瑞集团 · tribute_sent a jugador 2 |
| 47:31 | 蓝瑞集团 · tribute_sent a jugador 4 |
| 47:31 | 蓝瑞集团 · tribute_sent a jugador 5 |
| 47:31 | 蓝瑞集团 · tribute_sent a jugador 6 |
| 47:31 | 蓝瑞集团 · tribute_sent a jugador 7 |
| 47:31 | 蓝瑞集团 · tribute_sent a jugador 8 |
| 48:14 | guai哥 · tribute_sent a jugador 1 |
| 48:14 | guai哥 · tribute_sent a jugador 2 |
| 48:14 | guai哥 · tribute_sent a jugador 3 |
| 48:14 | guai哥 · tribute_sent a jugador 4 |
| 48:14 | guai哥 · tribute_sent a jugador 5 |
| 48:14 | guai哥 · tribute_sent a jugador 6 |
| 48:14 | guai哥 · tribute_sent a jugador 8 |
| 49:11 | 主打抽象 · first_building Castle |
| 51:18 | 大桶泳 寿司 · tribute_sent a jugador 1 |
| 51:18 | 大桶泳 寿司 · tribute_sent a jugador 3 |
| 51:18 | 大桶泳 寿司 · tribute_sent a jugador 4 |
| 51:18 | 大桶泳 寿司 · tribute_sent a jugador 5 |
| 51:18 | 大桶泳 寿司 · tribute_sent a jugador 6 |
| 51:18 | 大桶泳 寿司 · tribute_sent a jugador 7 |
| 51:18 | 大桶泳 寿司 · tribute_sent a jugador 8 |
| 51:54 | 大桶泳 寿司 · tribute_sent a jugador 1 |
| 51:54 | 大桶泳 寿司 · tribute_sent a jugador 3 |
| 51:54 | 大桶泳 寿司 · tribute_sent a jugador 4 |
| 51:54 | 大桶泳 寿司 · tribute_sent a jugador 5 |
| 51:54 | 大桶泳 寿司 · tribute_sent a jugador 6 |
| 51:54 | 大桶泳 寿司 · tribute_sent a jugador 7 |
| 51:54 | 大桶泳 寿司 · tribute_sent a jugador 8 |
| 53:54 | 蓝瑞集团 · first_building Siege Workshop |
| 56:00 | 主打抽象 · wall_segment Stone Wall x1 |
| 56:02 | 主打抽象 · wall_segment Stone Wall x1 |
| 56:07 | 主打抽象 · wall_segment Stone Wall x1 |
| 56:10 | 主打抽象 · wall_segment Stone Wall x1 |
| 56:19 | right · age_up imperial |
| 58:04 | 主打抽象 · wall_segment Stone Wall x1 |
| 58:59 | 福州黄轩 · first_market_sell 100 wood |
| 60:32 | guai哥 · first_building Siege Workshop |
| 63:56 | 蓝瑞集团 · first_building Archery Range |
| 66:18 | right · first_building Stable |
| 67:13 | guai哥 · first_market_buy 100 stone |
| 71:24 | guai哥 · tribute_sent a jugador 1 |
| 71:24 | guai哥 · tribute_sent a jugador 2 |
| 71:24 | guai哥 · tribute_sent a jugador 3 |
| 71:24 | guai哥 · tribute_sent a jugador 4 |
| 71:24 | guai哥 · tribute_sent a jugador 5 |
| 71:24 | guai哥 · tribute_sent a jugador 6 |
| 71:24 | guai哥 · tribute_sent a jugador 8 |
| 71:55 | 福州黄轩 · resign |
[ AI ANALYSIS · 1 CREDIT ]
What really happened in this match?
Wolo.gg analyzes every decision: build order, eco, micro, common mistakes by bracket. Personalized analysis on WhatsApp or Discord in 30 seconds.
Civ guide
Turks
Map guide
African Clearing
Perfil
蓝瑞集团